 Dungeon Crawl Stone Soup version 0.23.3-3-gaaff5abdbf (webtiles) character file.

Game seed: 8500448521027669527

1481 MisterOstroum the Caller (level 8, -1/46 HPs)
             Began as a Deep Elf Summoner on Mar 14, 2020.
             Was an Initiate of Sif Muna.
             Slain by a killer bee (8 damage)
             ... on level 7 of the Dungeon on Oct 27, 2020.
             The game lasted 00:41:59 (10627 turns).

MisterOstroum the Caller (Deep Elf Summoner)       Turns: 10627, Time: 00:42:00

Health: -1/46      AC:  9    Str:  9    XL:     8   Next: 50%
Magic:  19/19      EV: 12    Int: 23    God:    Sif Muna [......]
Gold:   222        SH:  0    Dex: 15    Spells: 5/19 levels left

rFire    . . .     SeeInvis +   b - +0 spear (venom)
rCold    . . .     Gourm    .   (no shield)
rNeg     + . .     Faith    .   C - +2 leather armour {rN+}
rPois    .         Spirit   .   f - +0 helmet
rElec    .         Reflect  .   R - +1 cloak
rCorr    .         Harm     .   (no gloves)
MR       .....                  r - +0 pair of boots
Stlth    +.........             (no amulet)
HPRegen  0.15/turn              i - ring of see invisible
MPRegen  0.16/turn              q - +4 ring of strength

@: confused, lethally poisoned (-1 -> -9)
A: no striking features
a: Renounce Religion


You were on level 7 of the Dungeon.
You worshipped Sif Muna.
Sif Muna was noncommittal.
You were hungry.

You visited 1 branch of the dungeon, and saw 7 of its levels.

You collected 222 gold pieces.

Inventory:

Hand Weapons
 a - a +0 dagger
 b - a +0 spear of venom (weapon)
 c - a +0 hunting sling
 E - a +0 trident
 H - a +1 flail of venom
 N - a +3 quarterstaff of chaos {!a}
Missiles
 j - 108 stones (quivered)
 l - 16 poisoned needles
 v - 110 sling bullets
 M - 2 throwing nets {!f}
 P - 4 poisoned tomahawks
Armour
 f - a +0 helmet (worn)
 r - a +0 pair of boots (worn)
 C - a +2 leather armour of positive energy (worn)
 R - a +1 cloak (worn)
Jewellery
 i - a ring of see invisible (left hand)
 q - a +4 ring of strength (right hand)
Wands
 p - a wand of acid (12)
 D - a wand of clouds (6)
Scrolls
 d - a scroll of immolation
 g - a scroll of blinking {@r4}
 h - a scroll of magic mapping {unknown}
 n - a scroll of enchant weapon {unknown}
 t - a scroll of fog {unknown}
 u - a scroll of fear {unknown}
 B - a scroll of noise {unknown}
 K - a scroll of remove curse {@r2}
Potions
 m - 2 potions of heal wounds
 o - 2 potions of ambrosia
 w - 4 potions of might {@q3 !q}
 x - 3 potions of curing {@q1 !q}
 z - a potion of degeneration {unknown}
 A - 2 potions of brilliance
 F - a potion of resistance
 G - a potion of mutation {unknown}
 I - 2 potions of experience
 J - 2 potions of lignification
Comestibles
 e - 12 rations


   Skills:
 - Level 3.4 Fighting
 + Level 1.2 Polearms
 - Level 2.6 Dodging
 - Level 4.0 Stealth
 - Level 6.0 Spellcasting
 - Level 7.9 Summonings
 - Level 4.6 Ice Magic
 - Level 2.6 Air Magic
 - Level 0.4 Evocations


You had 5 spell levels left.
You knew the following spells:

 Your Spells              Type           Power        Failure   Level  Hunger
a - Summon Small Mammal   Summ           ####         1%          1    None
b - Call Imp              Summ           #####...     1%          2    None
c - Call Canine Familiar  Summ           #####...     1%          3    #......
d - Summon Ice Beast      Ice/Summ       #####...     9%          4    ###....
e - Summon Lightning Spi  Summ/Air       ####....     14%         4    ###....

Your spell library contained the following spells:

 Spells                   Type           Power        Failure   Level  Hunger
 Summon Guardian Golem    Hex/Summ       ####....     7%          3    #......


Dungeon Overview and Level Annotations

Branches:
Dungeon (7/15)
 Temple: D:4-7

Altars:
Ashenzari
Kikubaaqudgha
Makhleb
Qazlal
Sif Muna
Vehumet
Yredelemnul
The Shining One

Annotations:
D:4 Eustachio
D:5 3 runed translucent doors, Grinder; Pocketmage's ghost, novice GnSu
D:6 exclusion: downstairs
D:7 exclusion: upstairs


Message History

You miss the killer bee. The killer bee closely misses you.
The killer bee barely misses you.
The killer bee stings your lightning spire but does no damage.
The killer bee stings you.
You are poisoned.
The killer bee poisons you! The killer bee closely misses you.
Your ice beast hits the killer bee but does no damage.
The killer bee stings your lightning spire but does no damage.
Attack whom?
Press: ? - help, Dir - move target cursor, f/p - killer bee
Aim: a killer bee You barely miss the killer bee.
You feel sick.
The killer bee stings your lightning spire but does no damage.
The killer bee stings you but does no damage.
The killer bee stings your lightning spire but does no damage.
The killer bee stings your ice beast! The killer bee barely misses you.
Your ice beast misses the killer bee.
Your lightning spire shoots out a bolt of lightning at the killer bee!
The bolt of electricity hits the killer bee!
The killer bee stings your ice beast!
You feel sick. The killer bee stings your ice beast!
The killer bee stings your lightning spire.
The killer bee stings your ice beast!
Your ice beast dies!
The killer bee stings your lightning spire but does no damage.
Attack whom?
Press: ? - help, Dir - move target cursor, f/p - killer bee
Aim: a killer bee You hit the killer bee.
The killer bee is moderately wounded.
The killer bee stings you but does no damage.
The killer bee stings you.
The killer bee stings you but does no damage.
Attack whom?
Press: ? - help, Dir - move target cursor, f/p - killer bee
Aim: a killer bee (moderately wounded)
You completely miss the killer bee.
The killer bee is moderately wounded.
The killer bee stings you.
You are more poisoned.
The killer bee poisons you! The killer bee closely misses you. x3
You feel sick. The killer bee completely misses you.
The killer bee stings you but does no damage.
You feel sick.
The killer bee stings you but does no damage.
Casting: Summon Lightning Spire (safe; 14% risk of failure)
Confirm with . or Enter, or press ? or * to list all spells.
A chill wind blows around you.
You feel sick. The killer bee closely misses you.
You feel sick. The killer bee stings your ice beast.
You feel sick.
The killer bee stings you but does no damage.
The killer bee stings you.
You feel sick.
Your ice beast hits the killer bee but does no damage.
Attack whom?
Press: ? - help, Dir - move target cursor, f - killer bee
Aim: a killer bee You hit the killer bee.
The killer bee is moderately wounded.
The killer bee stings you.
The killer bee closely misses your ice beast.
The killer bee stings you but does no damage.
The killer bee stings your ice beast but does no damage.
The killer bee stings you.
Your ice beast misses the killer bee.
You barely miss the killer bee.
The killer bee is moderately wounded.
You feel sick.
The killer bee barely misses your ice beast.
The killer bee barely misses you.
The killer bee barely misses your ice beast.
The killer bee stings you but does no damage.
Your ice beast misses the killer bee.
Okay, then.
The killer bee completely misses your ice beast.
Your ice beast hits the killer bee.
Your ice beast freezes the killer bee!
The killer bee dies!
Sif Muna accepts your kill. The killer bee stings you.
* * * LOW HITPOINT WARNING * * *
You are more poisoned.
The killer bee poisons you!
Attack whom?
Press: ? - help, Dir - move target cursor, f/p - killer bee
Aim: a killer bee (moderately wounded)
Okay, then.
You are confused.
You feel invigorated.
You feel sick. The killer bee stings you!
* * * LOW HITPOINT WARNING * * *
Your ice beast misses the killer bee.
The killer bee stings your ice beast. The killer bee closely misses you.
Really quaff
x - 3 potions of curing {@q1 !q}?
Okay, then.
Unknown command.
You bump into the rock wall.
* * * LOW HITPOINT WARNING * * *
You feel sick.
The killer bee closely misses your ice beast.
The killer bee stings you!
You die...

#.# #..##.# #######.#
#..##.#
#.......#########..##.#
#.####.......).....##.#
#.#.#########.##.#
#..Yy.y.....#.#
#.#y##y......#.
#.#y##.####.#.#.
#÷#@#8.†# . #.#.#...###
. #.#.......#
#.........#
##.........y...yy
#.##...###....y.
#.##...# ..y#..
#.###.## ..# #. ....


You could see 3 killer bees and a friendly ice beast.

Vanquished Creatures
  An ogre (D:7)
  A crimson imp (D:6)
  2 hounds
  An orc priest (D:3)
  A worker ant (D:4)
  A hound skeleton (D:6)
  6 gnolls
  5 adders
  An adder skeleton (D:7)
  A dart slug (D:2)
  2 leopard geckos
  8 orcs
  4 bats
  A giant cockroach (D:2)
  6 goblins
  2 hobgoblins
  2 jackals (D:6)
  A quokka (D:2)
  2 frilled lizards
  A leopard gecko skeleton (D:4)
  A quokka skeleton (D:4)
  8 rats
58 creatures vanquished.

Vanquished Creatures (collateral kills)
  Pikel (D:4)
  A hungry ghost (D:7)
  A sky beast (D:6)
  2 orc warriors
  A phantom (D:4)
  3 ogres
  A bullfrog (D:6)
  A scorpion (D:5)
  3 killer bees (D:7)
  3 crimson imps
  2 orc priests
  5 orc wizards
  Crazy Yiuf (D:5)
  A centaur skeleton (D:5)
  Jessica (D:2)
  Natasha (twice) (D:4)
  A worker ant (D:5)
  7 adders
  10 gnolls
  2 oozes
  2 dart slugs (D:1)
  15 orcs
  4 bats
  2 giant cockroaches
  10 goblins
  4 hobgoblins
  A jackal (D:6)
  2 quokkas (D:2)
  3 frilled lizards
  2 kobolds (D:2)
  A leopard gecko skeleton (D:4)
95 creatures vanquished.

Vanquished Creatures (others)
  2 slaves (D:4)
  Natasha (D:4)
3 creatures vanquished.

Grand Total: 156 creatures vanquished

Notes
Turn   | Place    | Note
-------+----------+-------------------------------------------
     0 | D:1      | MisterOstroum the Deep Elf Summoner began the quest for the
                  | Orb.
     0 | D:1      | Reached XP level 1. HP: 10/10 MP: 6/6
   489 | D:1      | Reached skill level 1 in Fighting
   573 | D:1      | Reached XP level 2. HP: 16/16 MP: 5/8
   585 | D:1      | Learned a level 2 spell: Call Imp
  1799 | D:2      | Reached XP level 3. HP: 18/21 MP: 9/9
  1851 | D:2      | Learned a level 3 spell: Call Canine Familiar
  2295 | D:2      | Noticed Jessica
  2601 | D:2      | Found a shattered altar of Ashenzari.
  3308 | D:2      | Killed Jessica
  3308 | D:2      | Reached skill level 5 in Summonings
  3308 | D:2      | Reached XP level 4. HP: 26/26 MP: 2/11
  4274 | D:3      | Reached XP level 5. HP: 30/30 MP: 9/13
  4556 | D:3      | Learned a level 4 spell: Summon Ice Beast
  5512 | D:4      | Found a glowing golden altar of the Shining One.
  5544 | D:4      | Noticed an ogre
  5569 | D:4      | Killed an ogre
  5569 | D:4      | Reached skill level 1 in Ice Magic
  5587 | D:4      | Noticed a phantom
  5770 | D:4      | Found a stormy altar of Qazlal.
  5785 | D:4      | Reached XP level 6. HP: 22/36 MP: 6/14
  5928 | D:4      | Found an ancient bone altar of Kikubaaqudgha.
  6410 | D:4      | Reached skill level 6 in Summonings
  6989 | D:4      | Noticed Eustachio
  6996 | D:4      | Learned a level 4 spell: Summon Lightning Spire
  7080 | D:4      | Noticed Pikel
  7080 | D:4      | Noticed a slave
  7085 | D:4      | Noticed a slave
  7110 | D:4      | Killed Pikel
  7110 | D:4      | Reached skill level 5 in Spellcasting
  7110 | D:4      | Reached XP level 7. HP: 28/41 MP: 4/16
  7119 | D:4      | Killed Natasha
  7403 | D:4      | Found a basalt altar of Yredelemnul.
  7413 | D:4      | Noticed a profane servitor
  7437 | D:4      | Noticed an angel
  7491 | D:4      | Noticed Natasha
  7496 | D:4      | Killed Natasha
  7543 | D:4      | Found a burning altar of Makhleb.
  7545 | D:4      | Found a radiant altar of Vehumet.
  7719 | D:4      | Found an ancient bone altar of Kikubaaqudgha.
  7789 | D:4      | Found a burning altar of Makhleb.
  7801 | D:4      | Found a radiant altar of Vehumet.
  7907 | D:4      | Found a stormy altar of Qazlal.
  7915 | D:4      | Noticed Natasha
  7939 | D:4      | Killed Natasha
  8152 | D:5      | Entered Level 5 of the Dungeon
  8355 | D:5      | Reached skill level 7 in Summonings
  8387 | D:5      | Found a runed translucent gate.
  8387 | D:5      | Found a runed translucent gate.
  8387 | D:5      | Found a runed translucent gate.
  8387 | D:5      | Noticed Pocketmage's ghost (novice GnSu)
  8852 | D:5      | Noticed Grinder
  8984 | D:5      | Found a runed translucent door.
  8985 | D:5      | Noticed Crazy Yiuf
  8995 | D:5      | Killed Crazy Yiuf
  9230 | D:6      | Reached XP level 8. HP: 46/46 MP: 13/18
  9368 | D:6      | Reached skill level 1 in Air Magic
  9709 | D:6      | Found a deep blue altar of Sif Muna.
  9725 | D:6      | Became a worshipper of Sif Muna the Loreminder
 10308 | D:7      | Upgraded the game from 0.23.2-44-ge536e68a2c to 0.23.3
 10308 | D:7      | Upgraded the game from 0.23.3 to 0.23.3-3-gaaff5abdbf
 10610 | D:7      | Reached skill level 1 in Polearms
 10627 | D:7      | Slain by a killer bee

Skill      XL: |  1  2  3  4  5  6  7  8 |
---------------+-------------------------+-----
Fighting       | 1 2 3 |  3.4
Stealth        | 3 4 |  4.0
Summonings     | 5 6 7 |  7.9
Spellcasting   | 4 5 6 |  6.0
Ice Magic      | 1 3 4 |  4.6
Air Magic      | 2 |  2.6
Polearms       | 1 |  1.2
Dodging        | |  2.6
Evocations     | |  0.4

Action                   |  1- 3 |  4- 6 |  7- 9 || total
-------------------------+-------+-------+-------++-------
Melee: Club              |   107 |       |       ||   107
       Unarmed           |     5 |       |       ||     5
       Dagger            |    40 |    54 |    18 ||   112
       Spear             |       |   113 |   119 ||   232
 Fire: Hunting sling     |       |     5 |       ||     5
Throw: Stone             |     1 |    21 |    10 ||    32
 Cast: Summon Small Mamm |    22 |     2 |       ||    24
       Call Imp          |    21 |    45 |    32 ||    98
       Call Canine Famil |     2 |     8 |     7 ||    17
       Summon Ice Beast  |       |     2 |    14 ||    16
       Summon Lightning  |       |       |     2 ||     2
  Use: Scroll            |       |     8 |     2 ||    10
       Potion            |       |     1 |     1 ||     2
 Stab: Sleeping          |     6 |     1 |     3 ||    10
       Distracted        |     1 |     2 |     2 ||     5
  Eat: Chunk             |     8 |    14 |    13 ||    35
Armor: Robe              |    39 |    19 |     6 ||    64
       Leather armour    |       |    10 |    25 ||    35
Dodge: Dodged            |   146 |    89 |    70 ||   305
